 Dungeon Crawl Stone Soup version 0.16.0-17-g811c1d7 (webtiles) character file.

37 maniek23 the Sneak (level 3, -1/24 HPs)
             Began as a Vampire Enchanter on Mar 20, 2015.
             Slain by a worm (8 damage)
             ... on level 2 of the Dungeon.
             The game lasted 00:03:05 (1176 turns).

maniek23 the Sneak (Vampire Enchanter)              Turns: 1176, Time: 00:03:05

Health: -1/24      AC:  3    Str:  8    XL:     3   Next: 21%
Magic:  4/6        EV: 13    Int: 17    God:
Gold:   18         SH:  0    Dex: 14    Spells: 1 memorised, 5 levels left

rFire  . . .     SeeInvis +     a - +1 dagger
rCold  . . .     Clarity  .     b - +1 robe
rNeg   . . .     SustAb   .     (no shield)
rPois  .         Gourm    .     (no helmet)
rElec  .         Spirit   .     (no cloak)
rCorr  .         Warding  .     (no gloves)
rMut   .         Stasis   .     (no boots)
MR     .....                    (no amulet)
Stlth  +++.......               (no ring)
                                (no ring)

@: regenerating quickly, not resistant to hostile enchantments, fairly stealthy
A: bottle blood, fangs 3, see invisible, unbreathing
a: no special abilities


You were on level 2 of the Dungeon.
You were full.

You visited 1 branch of the dungeon, and saw 2 of its levels.

You collected 18 gold pieces.

Inventory:

Hand weapons
 a - a +1 dagger (weapon)
 j - a +0 dagger of venom
Armour
 b - a +1 robe (worn)
Jewellery
 l - a cursed ring of loudness {unknown}
Scrolls
 h - 2 scrolls of remove curse {unknown}
 i - a scroll of enchant armour {unknown}
 k - a scroll of immolation {unknown}
 m - a scroll of identify {unknown}
Potions
 d - 5 potions of blood
 e - 3 potions of curing {unknown}
 f - a potion of agility {unknown}
 g - 2 potions of brilliance {unknown}
Books
 c - a book of Maledictions

   Spells                             Type                      Level
   a - Corona                         Hexes                        1
   b - Sure Blade                     Hexes/Charms                 2
   c - Ensorcelled Hibernation        Hexes/Ice                    2
   d - Confuse                        Hexes                        3
   e - Dazzling Spray                 Conjuration/Hexes            3
   f - Enslavement                    Hexes                        4


   Skills:
 + Level 0.1 Fighting
 + Level 1.2 Short Blades
 + Level 2.7 Dodging
 + Level 5.3 Stealth
 + Level 2.0 Spellcasting
 + Level 5.1 Hexes


You had 5 spell levels left.
You knew the following spells:

 Your Spells              Type           Power        Failure   Level  Hunger
a - Corona                Hex            ###....      2%          1    #......


Dungeon Overview and Level Annotations

Branches:
Dungeon (2/15)

Altars:


Innate Abilities, Weirdness & Mutations

Your natural rate of healing is unusually fast.
You can bottle blood from corpses.
You have razor-sharp teeth.
You have supernaturally acute eyesight.
You can survive without breathing.


Message History

Casting: Corona
Confirm with . or Enter, or press ? or * to list all spells.
Aiming: Corona
Press: ? - help, Shift-Dir - straight line, f - worm
Aim: a worm (chance 66%)
The worm is outlined in light.
The worm barely misses you.
You hit the worm but do no damage. You hit the worm.
The worm is moderately wounded.
The worm closely misses you.
You hit the worm.
The worm is heavily wounded.
You hit the worm.
The worm is heavily wounded.
The worm bites you.
* * * LOW HITPOINT WARNING * * *
You hit the worm.
The worm is severely wounded.
The worm bites you!
You die...

.......<#.#....#....#..##
###.#.....#....#.........
..#.#.#######..##.......#
..#.#...... ...#......>.#
........#####..#........#
..#.....)...#..#........#
..#...#.#.#.#..#........#
..#.#.....#.#..#w########
..#.#.#.....#..#@#
#.#.#####.######.#
#.#............#.################
#.#......#####.#.................
#.##.#.......#.#################.
#.##.#.###.#.#.#.........<#....#.
#.# #. #.#.....######.#.#.##.#.
#.# #. #.#.#.########.#.#.##.#.
..% # #.#.#.#........#.#.##.#.


You could see a worm.

Vanquished Creatures
  3 giant geckos
  2 oozes
  4 bats
  2 giant cockroaches (D:1)
  6 goblins
  7 hobgoblins
  2 giant newts (D:1)
  3 kobolds (D:1)
  A rat (D:1)
30 creatures vanquished.

Notes
Turn   | Place    | Note
--------------------------------------------------------------
     0 | D:1      | maniek23, the Vampire Enchanter, began the quest for the Orb.
     0 | D:1      | Reached XP level 1. HP: 13/13 MP: 3/3
   325 | D:1      | Reached XP level 2. HP: 14/19 MP: 4/4
   651 | D:1      | Reached skill level 5 in Stealth
   938 | D:2      | Reached XP level 3. HP: 22/24 MP: 6/6
  1131 | D:2      | Reached skill level 5 in Hexes
  1176 | D:2      | Slain by a worm

Action                   || total
-------------------------++-------
Melee: Dagger            ||    80
 Cast: Corona            ||     6
 Stab: Sleeping          ||     8
  Eat: Corpse            ||     7
